Map: Ulrena

Players

zidar - Winner!

  • Race: Zerg Zerg
  • League: Silver
  • Spawn Location: 7:00

Cygnus

  • Race: Zerg Zerg
  • League: Silver
  • Spawn Location: 11:00

VOD

Have the link to the VOD?

Description

Time

  • Played on: Dec. 9, 2015, 2:32 p.m.
  • Length: 4:15
Show
View Real Time Build Order
Export as new Build Order

zidar Zerg - Winner!

Build Orders: Pool First 

Get SALT Encoding   

  12  0:19  Spawning Pool  
  11  0:22  Drone  
  12  0:29  Extractor, Drone  
  12  0:34  Drone  
  13  0:44  Overlord  
  13  0:58  Overlord  
  13  1:13  Zergling x2  
  13  1:14  Queen  
  16  1:20  Zergling x2  
  17  1:30  Metabolic Boost  
  17  1:36  Zergling x2  
  18  2:04  Zergling x6  
  21  2:20  Zergling x2  
  22  2:23  Zergling x4  
  22  2:24  Zergling x2  
  25  2:43  Zergling x4  
  22  3:16  Zergling x6  
  22  3:17  Zergling x2  
  26  3:43  Hatchery  
Show
View Real Time Build Order
Export as new Build Order

Cygnus Zerg 

Build Orders: 1 Base Baneling Bust, Pool Only 

Get SALT Encoding   

  12  0:01  Drone  
  13  0:11  Extractor  
  12  0:14  Drone  
  12  0:15  Drone  
  14  0:23  Overlord  
  14  0:42  Spawning Pool  
  14  0:49  Drone  
  14  0:53  Drone  
  15  0:58  Drone  
  16  1:29  Queen, Zergling x6  
  21  1:38  Evolution Chamber  
  20  1:40  Overlord  
  20  1:52  Zergling x2  
  21  2:06  Zergling x2  
  22  2:17  Zergling x2  
  23  2:24  Zergling x2  
  23  2:29  Metabolic Boost  
  24  2:34  Zergling x2  
  25  2:38  Zergling x6  
  22  3:00  Zergling x4  
  22  3:16  Zergling x2  
  24  3:20  Zergling x2  
  24  3:27  Baneling Nest  
  23  3:30  Drone  
  24  3:35  Zergling x6  
  27  3:42  Zergling x2  
  24  3:56  Zergling x2  
Tags
 
Add a new tag
Caveats
  • Supply blocks, unpowered buildings, or Contaminate may cause inaccurate times.
  • Supply counts are checked every 10 seconds.